 Dungeon Crawl Stone Soup version 0.29-a0-515-g7c1fb6cc08 (webtiles) character file.

Game seed: 2524642965924984080

28 Morbidden the Skirmisher (level 3, 27/29 HPs)
             Began as a Demonspawn Fighter on May 30, 2022.
             Quit the game on level 1 of the Dungeon.
             The game lasted 00:00:47 (992 turns).

Morbidden the Skirmisher (Demonspawn Fighter)        Turns: 992, Time: 00:00:48

Health: 27/29      AC:  6    Str: 16    XL:     3   Next: 0%
Magic:  2/4        EV: 12    Int: 11    God:
Gold:   45         SH:  4    Dex: 12    Spells: 3/3 levels left

rFire   . . .      SeeInvis .   a - +0 war axe
rCold   . . .      Faith    .   c - +0 buckler
rNeg    . . .      Spirit   .   b - +0 scale mail
rPois   .          Reflect  .   (helmet restricted)
rElec   .          Harm     .   (no cloak)
rCorr   .          Rampage  .   (no gloves)
Will    .....                   (no boots)
Stlth   ..........              (no amulet)
HPRegen 0.09/turn               g - +4 ring of evasion
MPRegen 0.09/turn               h - ring of flight

@: flying
A: antennae 1, demonic guardian 1
a: no special abilities


You were on level 1 of the Dungeon.
You visited 1 branch of the dungeon, and saw 1 of its levels.

You collected 45 gold pieces.

Inventory:

Hand Weapons
 a - a +0 war axe (weapon)
Armour
 b - a +0 scale mail (worn)
 c - a +0 buckler (worn)
Jewellery
 g - a +4 ring of evasion (left hand)
 h - a ring of flight (right hand)
Scrolls
 e - a scroll of immolation {unknown}
Potions
 d - a potion of might
 f - a potion of berserk rage {unknown}
 i - a potion of brilliance {unknown}
 j - a potion of haste {unknown}


   Skills:
 * Level 3.4 Fighting
 * Level 2.2 Axes
 + Level 2.8 Armour
 * Level 0.1 Dodging
 + Level 0.2 Stealth
 + Level 2.8 Shields
 * Level 0.7 Spellcasting


You had 3 spell levels left.
You didn't know any spells.
Your spell library was empty.

Dungeon Overview and Level Annotations

Branches:
Dungeon (1/15)

Altars:


Innate Abilities, Weirdness & Mutations

You have a pair of small antennae on your head.
A weak demonic guardian rushes to your aid.


Message History

No target in view!
No target in view!
No target in view!
No target in view!
No target in view!
No target in view!
No target in view!
No target in view!
No target in view!
No target in view!
No target in view!
Things that are here:
a +0 club; a +0 robe No target in view!
j - a dark potion No target in view!
You see here a ball python corpse.
A quokka comes into view.
Found 16 stones.
The quokka barely misses you.
A quokka is nearby!
You closely miss the quokka. The quokka closely misses you.
The quokka misses you.
A quokka is nearby!
You closely miss the quokka. The quokka bites you. The quokka misses you.
A quokka is nearby!
You barely miss the quokka. The quokka barely misses you.
A quokka is nearby!
You barely miss the quokka. The quokka bites you.
You block the quokka's attack.
You slash the quokka!
You kill the quokka!
You have reached level 3!
Your experience leads to an increase in your attributes!
Increase (S)trength, (I)ntelligence, or (D)exterity?
You feel clever. x2
You feel monstrous as your demonic heritage exerts itself.
Your demonic ancestry asserts itself...
A pair of antennae grows on your head!
Unknown command.
Are you sure you want to abandon this character and quit the game? (Confirm with "yes".)

#### .....
####.....#
#.@......+
#.##(....#
#.# ....#
## #.#
...# #.
#.# ..# #.
#.# .# #.
#.###### #
#.
#......#
#.
######.###
######.


There were no monsters in sight!

Vanquished Creatures
  2 dart slugs (D:1)
  4 ball pythons (D:1)
  An endoplasm (D:1)
  A giant cockroach (D:1)
  2 hobgoblins (D:1)
  A quokka (D:1)
  2 bats (D:1)
  2 goblins (D:1)
  5 kobolds (D:1)
  4 rats (D:1)
24 creatures vanquished.

Notes
Turn   | Place    | Note
-------+----------+-------------------------------------------
     0 | D:1      | Morbidden the Demonspawn Fighter began the quest for the
                  | Orb.
     0 | D:1      | Reached XP level 1. HP: 18/18 MP: 1/1
   384 | D:1      | Gained mutation: A weak demonic guardian rushes to your
                  | aid. [demonic ancestry]
   384 | D:1      | Reached XP level 2. HP: 23/24 MP: 2/2
   992 | D:1      | Discovered your monstrous ancestry.
   992 | D:1      | Gained mutation: You have a pair of small antennae on your
                  | head. [demonic ancestry]
   992 | D:1      | Reached XP level 3. HP: 27/29 MP: 2/4
   992 | D:1      | Quit the game

Illustrated notes

Levels and vault maps discovered:
D:1:      dpeg_arrival_subterranean_lakeside_camping, layout_basic,
          dreamdust_ecumenical_altar_hidden_monk_grotto

Skill      XL: |  1 |
---------------+----+-----
Axes           | 2 |  2.2
Fighting       | |  3.4
Armour         | |  2.8
Dodging        | |  0.1
Stealth        | |  0.2
Shields        | |  2.8
Spellcasting   | |  0.7

Action                   || total
-------------------------++-------
Melee: War axe           ||    70
Armor: Scale mail        ||    30
Dodge: Dodged            ||    37
Block: Buckler           ||    15

Table legend: (Time is in decaauts)
 A = Elapsed time spent in this place.
 B = Non-inter-level travel time spent in this place.
 C = Inter-level travel time spent in this place.
 D = Time resting spent in this place.
 E = Time spent auto-exploring this place.
 F = Levels seen in this place.
 G = Mean time per level.
                   A        B        C        D        E       F      G
               +--------+--------+--------+--------+--------+-----+--------+
         Total |   1021 |   1021 |      0 |    246 |    610 |   1 | 1021.0 |
       Dungeon |   1021 |   1021 |      0 |    246 |    610 |   1 | 1021.0 |
               +--------+--------+--------+--------+--------+-----+--------+

Top non-repeatable levels by time:
     D:1: 1021 daAuts
